 Dungeon Crawl Stone Soup version 0.17-a0-1475-g9f81d98 (webtiles) character file.

474 abixa the Cleaver (level 7, 0/56 HPs)
             Began as a Hill Orc Gladiator on July 2, 2015.
             Slain by an orc priest (2 damage)
             ... on level 5 of the Dungeon.
             The game lasted 00:09:26 (3507 turns).

abixa the Cleaver (Hill Orc Gladiator)              Turns: 3507, Time: 00:09:26

Health: 0/56       AC:  7    Str: 18    XL:     7   Next: 10%
Magic:  0/7        EV: 10    Int:  7    God:
Gold:   223        SH:  0    Dex: 15    Spells: 0 memorised, 6 levels left

rFire  . . .     SeeInvis .     a - +0 war axe
rCold  . . .     Clarity  .     u - +0 scale mail
rNeg   . . .     SustAt   .     (no shield)
rPois  .         Gourm    .     c - +0 helmet
rElec  .         Spirit   +     (no cloak)
rCorr  .         Warding  .     (no gloves)
rMut   .         Stasis   .     (no boots)
MR     .....                    r - amulet of guardian spirit
Stlth  ..........               o - -3 ring of intelligence (curse)
                                k - +4 ring of dexterity

@: not resistant to hostile enchantments, extremely unstealthy
A: no striking features
a: Convert to Beogh


You were on level 5 of the Dungeon.
You were not hungry.

You visited 1 branch of the dungeon, and saw 6 of its levels.

You collected 223 gold pieces.

Inventory:

Hand weapons
 a - a +0 war axe (weapon)
Missiles
 b - 20 poisoned arrows
 d - 3 throwing nets
 g - 6 exploding sling bullets
 j - 54 stones (quivered)
 m - 18 poisoned needles
 t - 25 bolts
 y - 28 arrows
Armour
 c - a +0 helmet (worn)
 u - a +0 scale mail (worn)
Jewellery
 k - a +4 ring of dexterity (left hand)
 o - a cursed -3 ring of intelligence (right hand)
 r - an amulet of guardian spirit (around neck)
Scrolls
 h - 5 scrolls of identify {unknown}
 i - a scroll of recharging {unknown}
 l - 3 scrolls of remove curse {unknown}
 n - a scroll of fear {unknown}
 p - a scroll of amnesia {unknown}
 q - 2 scrolls of teleportation {unknown}
 s - a scroll of fog {unknown}
 x - a scroll of magic mapping {unknown}
 z - a scroll of noise {unknown}
 A - a scroll of enchant weapon {unknown}
Potions
 f - 2 potions of curing {unknown}
 v - a potion of lignification {unknown}
 w - a potion of magic {unknown}
Comestibles
 e - 3 bread rations


   Skills:
 - Level 2.4 Fighting
 + Level 10.2 Axes
 - Level 2.0 Throwing
 - Level 2.4 Dodging


You had 6 spell levels left.
You didn't know any spells.

Dungeon Overview and Level Annotations

Branches:
Dungeon (6/15)
 Temple: D:4-7

Altars:
Cheibriados
Nemelex Xobeh
Yredelemnul
Zin

Annotations:
D:4 EmperorPingu0's ghost, average HuFi


Message History

You have reached level 7!
The orc wizard gestures at you while chanting.
You resist with some effort.
An orc comes into view. It is wielding a club.
The orc shouts!
You hit the orc priest.
The orc priest is moderately wounded.
You slash the orc wizard!
You kill the orc wizard!
The orc priest barely misses you.
You hit the orc priest but do no damage.
The orc priest is moderately wounded.
The orc priest hits you but does no damage.
You hit the orc priest but do no damage.
The orc priest is moderately wounded.
The orc priest hits you but does no damage.
You barely miss the orc priest.
The orc priest is moderately wounded.
The orc priest hits you.
You die...

..#.#
.#.#
...#
####..#
#....o#
#.....#
#...[o#
#@# #)#
#.# #.#
#.# #.#
#.# #..


You could see an orc priest and an orc.

Vanquished Creatures
  An ogre (D:5)
  A giant frog (D:6)
  A crimson imp (D:5)
  An orc priest (D:3)
  3 orc wizards
  2 worker ants (D:5)
  4 adders
  2 shadow imps (D:5)
  An ooze (D:2)
  2 worms
  2 giant geckos (D:3)
  8 orcs
  3 ball pythons
  A bat skeleton (D:5)
  11 goblins
  4 hobgoblins
  6 jackals
  11 bats
  4 giant cockroaches
  2 giant newts
  A jackal skeleton (D:4)
  3 kobolds
  A quokka (D:4)
  11 rats
86 creatures vanquished.

Notes
Turn   | Place    | Note
--------------------------------------------------------------
     0 | D:1      | abixa the Hill Orc Gladiator began the quest for the Orb.
     0 | D:1      | Reached XP level 1. HP: 18/18 MP: 1/1
   213 | D:1      | Reached XP level 2. HP: 22/25 MP: 2/2
   491 | D:1      | Reached skill level 5 in Axes
   787 | D:2      | Found a snail-covered altar of Cheibriados.
   790 | D:2      | Reached XP level 3. HP: 28/30 MP: 3/3
  1653 | D:3      | Reached skill level 6 in Axes
  1653 | D:3      | Reached XP level 4. HP: 37/37 MP: 4/4
  1668 | D:3      | Reached skill level 7 in Axes
  1671 | D:3      | Reached XP level 5. HP: 12/42 MP: 5/5
  2112 | D:3      | Found a glowing silver altar of Zin.
  2280 | D:3      | Reached skill level 8 in Axes
  2286 | D:3      | Noticed an ice beast
  2543 | D:4      | Found a basalt altar of Yredelemnul.
  2596 | D:4      | Noticed EmperorPingu0's ghost (average HuFi)
  2714 | D:5      | Entered Level 5 of the Dungeon
  2857 | D:5      | Noticed an ogre
  2866 | D:5      | Killed an ogre
  2866 | D:5      | Reached skill level 9 in Axes
  2866 | D:5      | Reached XP level 6. HP: 50/50 MP: 6/6
  2887 | D:5      | Found a sparkling altar of Nemelex Xobeh.
  3500 | D:5      | HP: 1/50 [crimson imp (2)]
  3503 | D:5      | Reached skill level 10 in Axes
  3503 | D:5      | Reached XP level 7. HP: 1/56 MP: 0/7
  3507 | D:5      | Slain by an orc priest

Vault maps used:
D:1:      minmay_arrival_split_and_join
D:2:      lemuel_doored_altar, serial_bayou_lagoon_a
D:3:      forest_paths, zin_statuary
D:4:      grunt_temple_overflow_growth_and_decay, yredelemnul_altar_generic,
          minmay_temple_entry_glassed_door, first_bread
D:5:      nemelex_deck
D:6:      gammafunk_temple_overflow_pools, uniq_edmund, uniq_duvessa,
          uniq_menkaure

Action                   |  1- 3 |  4- 6 |  7- 9 || total
-------------------------+-------+-------+-------++-------
Melee: War axe           |    82 |   176 |     4 ||   262
Throw: Stone             |     1 |     5 |       ||     6
  Eat: Chunk             |     2 |     6 |       ||     8
